3AA
YAKIMA HOPS @ BILLINGS POLAR BEARS
08/08/2034
 
TOP OF THE 1ST
Yakima Hops batting - Pitching for Billings Polar Bears : RHP Paco Rojas
Pitching: RHP Paco Rojas
Batting: SHB Zack Murphy 0-0: Ball
1-0: Foul Ball, location: 2F
1-1: Ground out 4-3 (Groundball, 4)
Batting: LHB Wulf Paauwe 0-0: Called Strike
0-1: Ball
1-1: Foul Ball, location: 2F
1-2: Ball
2-2: Ball
3-2: Ground out 4-3 (Groundball, 4D)
Batting: RHB Lee Scrooby 0-0: Ball
1-0: Ball
2-0: Foul Ball, location: 2F
2-1: Foul Ball, location: 2F
2-2: Strikes out swinging, 2-3 out at first.
Top of the 1st over - 0 runs, 0 hits, 0 errors, 0 left on base; Yakima 0 - Billings 0
BOTTOM OF THE 1ST
Billings Polar Bears batting - Pitching for Yakima Hops : LHP José Vélez
Pitching: LHP José Vélez
Batting: RHB Patrick Pupovac 0-0: Ball
1-0: Ball
2-0: Ball
3-0: Called Strike
3-1: Fly out, F8 (Flyball, 8RM)
Batting: SHB Goro Yokoyama 0-0: Fly out, F4 (Popup, 23)
Batting: RHB Pedro Flores 0-0: Called Strike
0-1: Called Strike
0-2: Ball
1-2: DOUBLE (Line Drive, 7D)
Batting: LHB Phil MacNamara 0-0: Foul Ball, location: 2F
0-1: Foul Ball, location: 2F
0-2: Ball
1-2: Ball
2-2: Ball
3-2: Strikes out swinging
Bottom of the 1st over - 0 runs, 1 hit, 0 errors, 1 left on base; Yakima 0 - Billings 0
TOP OF THE 2ND
Yakima Hops batting - Pitching for Billings Polar Bears : RHP Paco Rojas
Batting: LHB Gustavo Deleón 0-0: Ball
1-0: Called Strike
1-1: Ball
2-1: Fly out, F7 (Flyball, 78M)
Batting: RHB Vonne Navarrete 0-0: Called Strike
0-1: Fly out, F7 (Line Drive, 7)
Batting: LHB Héctor Velázquez 0-0: Fly out, F5 (Popup, 56S)
Top of the 2nd over - 0 runs, 0 hits, 0 errors, 0 left on base; Yakima 0 - Billings 0
BOTTOM OF THE 2ND
Billings Polar Bears batting - Pitching for Yakima Hops : LHP José Vélez
Batting: RHB Cody Jaeckel 0-0: Ball
1-0: Ball
2-0: Foul Ball, location: 2F
2-1: Fly out, F5 (Line Drive, 56)
Batting: RHB Luis Pérez 0-0: Called Strike
0-1: Ball
1-1: Ground out 1-3 (Groundball, 15)
Batting: RHB Lynwood Dimartínez 0-0: Ball
1-0: Swinging Strike
1-1: Ball
2-1: Ball
3-1: Base on Balls
Batting: RHB Corey Dudding 0-0: Ball
1-0: Ball
2-0: Ball
3-0: Called Strike
3-1: Base on Balls
Lynwood Dimartínez to second
Batting: RHB Juan Ortíz 0-0: Called Strike
0-1: Fielders Choice at 2nd, 6-4 (Groundball, 6)
Bottom of the 2nd over - 0 runs, 0 hits, 0 errors, 2 left on base; Yakima 0 - Billings 0
TOP OF THE 3RD
Yakima Hops batting - Pitching for Billings Polar Bears : RHP Paco Rojas
Batting: RHB Luis León 0-0: Swinging Strike
0-1: Fly out, F7 (Line Drive, 7D)
Batting: RHB Carlo Beedle 0-0: Ball
1-0: Called Strike
1-1: Ball
2-1: Foul Ball, location: 2F
2-2: Ball
3-2: Foul Ball, location: 2F
3-2: Foul Ball, location: 2F
3-2: Foul Ball, location: 2F
3-2: Foul Ball, location: 2F
3-2: Ground out U3 (Groundball, 3S)
Batting: RHB Jeromy Gride 0-0: Ball
1-0: Foul Ball, location: 2F
1-1: Foul Ball, location: 2F
1-2: Foul Ball, location: 2F
1-2: Foul Ball, location: 2F
1-2: Ball
2-2: TRIPLE (Flyball, 9D)
Batting: SHB Zack Murphy 0-0: Called Strike
0-1: Fly out, F8 (Flyball, 8LD)
Top of the 3rd over - 0 runs, 1 hit, 0 errors, 1 left on base; Yakima 0 - Billings 0
BOTTOM OF THE 3RD
Billings Polar Bears batting - Pitching for Yakima Hops : LHP José Vélez
Batting: RHB Patrick Pupovac 0-0: Ball
1-0: Ball
2-0: Ball
3-0: Called Strike
3-1: Fly out, F8 (Flyball, 8LD)
Batting: SHB Goro Yokoyama 0-0: Ground out 6-3 (Groundball, 6S)
Batting: RHB Pedro Flores 0-0: Foul Ball, location: 2F
0-1: Reached on error, E6 (Groundball, 6)
Batting: LHB Phil MacNamara 0-0: Ball
1-0: Ball
2-0: Fly out, F8 (Line Drive, 8RM)
Bottom of the 3rd over - 0 runs, 0 hits, 1 error, 1 left on base; Yakima 0 - Billings 0
TOP OF THE 4TH
Yakima Hops batting - Pitching for Billings Polar Bears : RHP Paco Rojas
Batting: LHB Wulf Paauwe 0-0: Called Strike
0-1: Ball
1-1: Fly out, F8 (Line Drive, 78M)
Batting: RHB Lee Scrooby 0-0: Foul Ball, location: 2F
0-1: Ball
1-1: Swinging Strike
1-2: Ball
2-2: Ball
3-2: Strikes out swinging
Batting: LHB Gustavo Deleón 0-0: Foul Ball, location: 2F
0-1: Fly out, F6 (Line Drive, 6MD)
Top of the 4th over - 0 runs, 0 hits, 0 errors, 0 left on base; Yakima 0 - Billings 0
BOTTOM OF THE 4TH
Billings Polar Bears batting - Pitching for Yakima Hops : LHP José Vélez
Batting: RHB Cody Jaeckel 0-0: Fly out, F8 (Flyball, 8LXD)
Batting: RHB Luis Pérez 0-0: Called Strike
0-1: Ground out 6-3 (Groundball, 6)
Batting: RHB Lynwood Dimartínez 0-0: Ball
1-0: Ball
2-0: Ground out 6-3 (Groundball, 6)
Bottom of the 4th over - 0 runs, 0 hits, 0 errors, 0 left on base; Yakima 0 - Billings 0
TOP OF THE 5TH
Yakima Hops batting - Pitching for Billings Polar Bears : RHP Paco Rojas
Pitching: RHP Roberto Roque
Batting: RHB Vonne Navarrete 0-0: Foul Ball, location: 2F
0-1: Swinging Strike
0-2: Ball
1-2: Ball
2-2: Strikes out swinging
Batting: LHB Héctor Velázquez 0-0: Called Strike
0-1: Fly out, F9 (Line Drive, 89D)
Batting: RHB Luis León 0-0: Called Strike
0-1: Ball
1-1: Foul Ball, location: 2F
1-2: Strikes out swinging
Top of the 5th over - 0 runs, 0 hits, 0 errors, 0 left on base; Yakima 0 - Billings 0
BOTTOM OF THE 5TH
Billings Polar Bears batting - Pitching for Yakima Hops : LHP José Vélez
Batting: RHB Corey Dudding 0-0: Called Strike
0-1: Ball
1-1: Ball
2-1: Fly out, F2 (Popup, 23F)
Batting: RHB Juan Ortíz 0-0: Called Strike
0-1: Ball
1-1: Foul Ball, location: 2F
1-2: Ball
2-2: Foul Ball, location: 2F
2-2: Foul Ball, location: 2F
2-2: Foul Ball, location: 2F
2-2: Strikes out looking
Batting: RHB Patrick Pupovac 0-0: Swinging Strike
0-1: Ball
1-1: Ball
2-1: Foul Ball, location: 2F
2-2: Ball
3-2: Foul Ball, location: 2F
3-2: Ground out 6-3 (Groundball, 6)
Bottom of the 5th over - 0 runs, 0 hits, 0 errors, 0 left on base; Yakima 0 - Billings 0
TOP OF THE 6TH
Yakima Hops batting - Pitching for Billings Polar Bears : RHP Roberto Roque
Batting: RHB Carlo Beedle 0-0: SINGLE (Groundball, 3D)
Batting: RHB Jeromy Gride 0-0: Ball
1-0: Foul Ball, location: 2F
1-1: Grounds into double play, 6-4-3 (Groundball, 6)
Batting: SHB Zack Murphy 0-0: Called Strike
0-1: Fly out, F9 (Flyball, 9)
Top of the 6th over - 0 runs, 1 hit, 0 errors, 0 left on base; Yakima 0 - Billings 0
BOTTOM OF THE 6TH
Billings Polar Bears batting - Pitching for Yakima Hops : LHP José Vélez
Batting: SHB Goro Yokoyama 0-0: Foul Ball, location: 2F
0-1: Ball
1-1: Ball
2-1: Foul Ball, location: 2F
2-2: Foul Ball, location: 2F
2-2: Strikes out swinging
Batting: RHB Pedro Flores 0-0: Ball
1-0: Ball
2-0: Ground out 4-3 (Groundball, 4)
Batting: LHB Phil MacNamara 0-0: SINGLE (Flyball, 78S)
Pinch Runner at 1st Mesa Altuve:
Batting: RHB Cody Jaeckel 0-0: Ball
Pickoff Throw to First - Out!
Bottom of the 6th over - 0 runs, 1 hit, 0 errors, 0 left on base; Yakima 0 - Billings 0
TOP OF THE 7TH
Yakima Hops batting - Pitching for Billings Polar Bears : RHP Roberto Roque
Batting: LHB Wulf Paauwe 0-0: Swinging Strike
0-1: Ground out 6-3 (Groundball, 6)
Batting: RHB Lee Scrooby 0-0: Ball
1-0: Foul Ball, location: 2F
1-1: SINGLE (Line Drive, 6M)
Batting: LHB Gustavo Deleón 0-0: Called Strike
0-1: Fly out, F7 (Flyball, 78XD)
Batting: RHB Vonne Navarrete 0-0: Ball
1-0: Called Strike
1-1: Ball
2-1: Ball
3-1: Base on Balls
Lee Scrooby to second
Pinch Runner at 2nd Sergio Torres:
Batting: LHB Héctor Velázquez 0-0: Called Strike
0-1: Called Strike
0-2: Ball
1-2: Ball
2-2: Foul Ball, location: 2F
2-2: Strikes out swinging
Top of the 7th over - 0 runs, 1 hit, 0 errors, 2 left on base; Yakima 0 - Billings 0
BOTTOM OF THE 7TH
Billings Polar Bears batting - Pitching for Yakima Hops : LHP José Vélez
Now at 1B: Sergio Torres
Batting: RHB Cody Jaeckel 0-0: Called Strike
0-1: Called Strike
0-2: Ball
1-2: SINGLE (Line Drive, 7S)
Batting: RHB Luis Pérez 0-0: Ball
1-0: Called Strike
1-1: Swinging Strike
1-2: Ball
2-2: Fly out, F7 (Flyball, 78S)
Pitching: LHP Jorge Pliego
Batting: RHB Lynwood Dimartínez 0-0: Ball
1-0: Swinging Strike
1-1: Foul Ball, location: 2F
1-2: Ball
2-2: Ball
3-2: 2-RUN HOME RUN (Flyball, 89XD), Distance : 408 ft
Batting: RHB Corey Dudding 0-0: Ball
1-0: Ball
2-0: Called Strike
2-1: Foul Ball, location: 2F
2-2: SINGLE (Groundball, 6D)
Batting: RHB Juan Ortíz 0-0: Ball
1-0: Swinging Strike
1-1: Swinging Strike
1-2: Strikes out swinging
Batting: RHB Patrick Pupovac 0-0: Ball
1-0: Foul Ball, location: 2F
1-1: Foul Ball, location: 2F
1-2: Foul Ball, location: 2F
1-2: Ball
2-2: Ball
3-2: Base on Balls
Corey Dudding to second
Batting: SHB Goro Yokoyama 0-0: Ball
1-0: Ball
2-0: Fielders Choice at 2nd, 6-4 (Groundball, 6)
Bottom of the 7th over - 2 runs, 3 hits, 0 errors, 2 left on base; Yakima 0 - Billings 2
TOP OF THE 8TH
Yakima Hops batting - Pitching for Billings Polar Bears : RHP Roberto Roque
Now at 1B: Rusty Nicholson
Batting: RHB Luis León 0-0: Called Strike
0-1: Ball
1-1: Ball
2-1: Foul Ball, location: 2F
2-2: Foul Ball, location: 2F
2-2: Foul Ball, location: 2F
2-2: Ball
3-2: Ground out 6-3 (Groundball, 6)
Batting: RHB Carlo Beedle 0-0: Ground out 5-3 (Groundball, 56)
Batting: RHB Jeromy Gride 0-0: Reached on error, E6 (Groundball, 6)
Batting: SHB Zack Murphy 0-0: Called Strike
0-1: Fly out, F7 (Flyball, 7S)
Top of the 8th over - 0 runs, 0 hits, 1 error, 1 left on base; Yakima 0 - Billings 2
BOTTOM OF THE 8TH
Billings Polar Bears batting - Pitching for Yakima Hops : LHP Jorge Pliego
Batting: RHB Pedro Flores 0-0: Called Strike
0-1: Swinging Strike
0-2: Strikes out swinging
Batting: RHB Mesa Altuve 0-0: Foul Ball, location: 2F
0-1: Called Strike
0-2: Foul Ball, location: 2F
0-2: Fly out, F9 (Flyball, 9S)
Batting: RHB Cody Jaeckel 0-0: Called Strike
0-1: Swinging Strike
0-2: Ball
1-2: Strikes out swinging
Bottom of the 8th over - 0 runs, 0 hits, 0 errors, 0 left on base; Yakima 0 - Billings 2
TOP OF THE 9TH
Yakima Hops batting - Pitching for Billings Polar Bears : RHP Roberto Roque
Batting: LHB Wulf Paauwe 0-0: Foul Ball, location: 2F
0-1: Foul Ball, location: 2F
0-2: Foul Ball, location: 2F
0-2: Ball
1-2: Fly out, F7 (Flyball, 7S)
Batting: RHB Sergio Torres 0-0: Ball
1-0: Ground out U3 (Groundball, 34)
Batting: LHB Gustavo Deleón 0-0: Called Strike
0-1: Ball
1-1: Ground out 3-1 (Groundball, 3S)
Top of the 9th over - 0 runs, 0 hits, 0 errors, 0 left on base; Yakima 0 - Billings 2
Friday, March 29th, 2019 - OOTP Baseball 18.8 Build 76